 Dungeon Crawl Stone Soup version 0.18-a0-965-g9200175 (webtiles) character file.

875 filipzpl the Skirmisher (level 7, -1/59 HPs)
             Began as a Demonspawn Berserker on Jan 1, 2016.
             Was an Elder of Trog.
             Slain by an orc
             ... wielding a +0 hand axe
              (3 damage)
             ... on level 5 of the Dungeon.
             The game lasted 00:13:53 (5876 turns).

filipzpl the Skirmisher (Demonspawn Berserker)      Turns: 5876, Time: 00:13:53

Health: -1/59      AC: 12    Str: 20    XL:     7   Next: 74%
Magic:  7/7        EV: 10    Int:  8    God:    Trog [****..]
Gold:   194        SH:  2    Dex: 12    Spells: 0 memorised, 6 levels left

rFire  . . .     SeeInvis .     a - +1 falchion
rCold  . . .     Gourm    .     n - +0 scale mail
rNeg   . . .     Faith    .     (no shield)
rPois  .         Spirit   .     o - +0 helmet
rElec  .         Dismiss  .     t - +0 cloak
rCorr  .         Reflect  .     v - +0 pair of gloves
SustAt .         Harm     .     q - +0 pair of boots
MR     .....                    (no amulet)
Stlth  +.........               (no ring)
                                (no ring)

@: not resistant to hostile enchantments, very unstealthy
A: large bone plates 1, demonic guardian 1, nightstalker 1
a: Berserk, Trog's Hand, Brothers in Arms, Burn Spellbooks, Renounce Religion


You were on level 5 of the Dungeon.
You worshipped Trog.
Trog was greatly pleased with you.
You were very hungry.

You visited 1 branch of the dungeon, and saw 5 of its levels.
You also visited: Sewer.

You collected 194 gold pieces.

Inventory:

Hand Weapons
 a - a +1 falchion (weapon)
Armour
 n - a +0 scale mail (worn)
 o - a +0 helmet (worn)
 q - a +0 pair of boots (worn)
 t - a +0 cloak (worn)
 v - a +0 pair of gloves (worn)
Scrolls
 c - a scroll of identify
 i - a scroll of enchant weapon
 k - a scroll of remove curse
 m - 2 scrolls of recharging
 p - a scroll of fog
 s - a scroll of blinking
Potions
 b - 3 potions of flight
 d - a potion of brilliance {unknown}
 e - 4 potions of poison {unknown}
 l - a potion of magic {unknown}
 r - a potion of might {unknown}
Comestibles
 f - 4 fruits
 g - 2 bread rations
 h - 2 meat rations
 j - 3 beef jerkies
 u - 2 slices of pizza


   Skills:
 * Level 6.9 Fighting
 * Level 6.3 Long Blades
 - Level 1.7 Armour
 - Level 1.7 Dodging


You had 6 spell levels left.
You didn't know any spells.

Dungeon Overview and Level Annotations

Branches:
Dungeon (5/15)
 Temple: D:4-7

Altars:
Ashenzari
Xom

Shops:
D:5 (


Innate Abilities, Weirdness & Mutations

You are partially covered in large bone plates (AC +2, SH +2).
A weak demonic guardian rushes to your aid.
You are slightly more attuned to the shadows.


Message History

The tomahawk hits you but does no damage.
Something hits you but does no damage.
Your crimson imp hits something.
Trog accepts your kill.
Trog appreciates your killing of a magic user.
Reactivating autopickup.
You feel a bit more experienced.
The orc throws a tomahawk.
The tomahawk hits you.
* * * LOW HITPOINT WARNING * * *
You slash the orc!
You kill the orc!
Trog accepts your kill.
Your crimson imp blinks!
You slash the orc!
You kill the orc!
Trog accepts your kill.
Something disappears in a puff of smoke!
You closely miss the orc. The orc hits you with a hand axe.
* * * LOW HITPOINT WARNING * * *
You closely miss the orc. The orc hits you with a hand axe.
You die... o

.# .## .# ..#.#
#<#.# #.##.#.#
#.#..o.#
#....@.#####
###..........#..
..........>..?#
##.......##.#.
##.....## #
##...## ##.##
.## ##.## .....
#.#.###......


You could see 2 orcs.

Vanquished Creatures
  A sky beast (D:5)
  An ice beast (D:5)
  Dowan (D:4)
  A scorpion (D:4)
  A hound (D:5)
  A jelly (D:5)
  An orc wizard (D:3)
  A centaur skeleton (D:4)
  An iguana (D:5)
  Natasha (twice) (D:4)
  3 worker ants
  A hound skeleton (D:5)
  6 adders
  A shadow imp (D:3)
  7 oozes
  4 worms (Sewer)
  5 giant geckos
  5 orcs
  2 ball pythons
  9 giant cockroaches
  7 goblins
  6 hobgoblins
  12 jackals
  5 kobolds
  2 quokkas
  12 bats
  A giant cockroach zombie (D:5)
  A giant gecko skeleton (D:4)
  5 giant newts
  9 rats
114 creatures vanquished.

Vanquished Creatures (collateral kills)
  Duvessa (D:4)
  Blork the orc (D:4)
  An orc priest (D:3)
  An orc wizard (D:5)
  An adder (D:3)
5 creatures vanquished.

Vanquished Creatures (others)
  A jelly (D:5)
1 creature vanquished.

Grand Total: 120 creatures vanquished

Notes
Turn   | Place    | Note
--------------------------------------------------------------
     0 | D:1      | filipzpl the Demonspawn Berserker began the quest for the Orb.
     0 | D:1      | Reached XP level 1. HP: 18/18 MP: 1/1
   334 | D:1      | Gained mutation: A weak demonic guardian rushes to your aid. [demonic ancestry]
   334 | D:1      | Reached XP level 2. HP: 22/24 MP: 2/2
   404 | D:1      | You fall through a shaft!
   813 | D:2      | Found a faded altar to an unknown god.
   990 | D:2      | Gained mutation: You are slightly more attuned to the shadows. [demonic ancestry]
   990 | D:2      | Reached XP level 3. HP: 29/29 MP: 3/3
  1501 | D:3      | Found a shattered altar of Ashenzari.
  1580 | D:3      | Found a glowing drain.
  1845 | D:3      | Reached skill level 4 in Fighting
  1850 | D:3      | Reached XP level 4. HP: 37/37 MP: 4/4
  1911 | Sewer    | Entered a sewer
  1915 | Sewer    | Reached ** piety under Trog
  2097 | Sewer    | Reached XP level 5. HP: 43/43 MP: 5/5
  3282 | D:3      | Reached skill level 5 in Fighting
  3337 | D:3      | Reached *** piety under Trog
  3466 | D:3      | Found a shimmering altar of Xom.
  3525 | D:3      | Gained mutation: You are partially covered in large bone plates (AC +2, SH +2). [demonic ancestry]
  3525 | D:3      | Reached XP level 6. HP: 44/51 MP: 6/6
  3898 | D:4      | Noticed Natasha
  3932 | D:4      | Killed Natasha
  4183 | D:4      | Reached skill level 5 in Long Blades
  4417 | D:4      | Noticed Blork the orc
  4428 | D:4      | Noticed Duvessa
  4429 | D:4      | Killed Blork the orc
  4430 | D:4      | Noticed Dowan
  4455 | D:4      | Killed Dowan
  4686 | D:4      | Killed Duvessa
  4686 | D:4      | Reached skill level 6 in Fighting
  4686 | D:4      | Reached XP level 7. HP: 45/58 MP: 7/7
  4772 | D:4      | Reached **** piety under Trog
  5201 | D:4      | Noticed Natasha
  5214 | D:4      | Killed Natasha
  5422 | D:5      | Entered Level 5 of the Dungeon
  5466 | D:5      | HP: 2/58 [something (6)]
  5762 | D:5      | Found Piasir's Weapon Shoppe.
  5875 | D:5      | HP: 2/59 [orc/hand axe (3)]
  5876 | D:5      | Slain by an orc

Vault maps used:
D:1:      nicolae_arrival_memento_mori, minmay_misc_feat_doors, minmay_distorted
D:2:      ecumenical_altar_1
D:3:      xom_teletrap_fun, gup_sewer_entry_glass, cheibrodos_ashenzari_chains
D:4:      first_bread, minmay_misc_feat_secret_circle, uniq_duvessa,
          uniq_blork_the_orc, uniq_natasha
D:5:      lemuel_doored_altar, minmay_temple_entry_junction, serial_shops, shop,
          lemuel_old_faithful, uniq_edmund, uniq_grinder
Sewer:    sewer_fruit_machine

Action                   |  1- 3 |  4- 6 |  7- 9 || total
-------------------------+-------+-------+-------++-------
Melee: Falchion          |   111 |   337 |   120 ||   568
Invok: Berserk           |     1 |     1 |     1 ||     3
  Use: Scroll            |     2 |     7 |       ||     9
       Potion            |     2 |       |       ||     2
 Stab: Sleeping          |     3 |       |       ||     3
       Distracted        |       |     1 |       ||     1
  Eat: Fruit             |     3 |       |     1 ||     4
       Chunk             |       |     9 |     2 ||    11
       Bread ration      |       |     1 |       ||     1
